 Dungeon Crawl Stone Soup version 0.28.0-53-g5a82cb258f (webtiles) character file.

Game seed: 1968914179635116258

79 hawla the Magician (level 4, 0/24 HPs)
             Began as a Deep Elf Venom Mage on Aug 5, 2022.
             Slain by a hobgoblin (5 damage)
             ... led by Robin
             ... on level 3 of the Dungeon on Aug 6, 2022.
             The game lasted 00:10:31 (2954 turns).

hawla the Magician (Deep Elf Venom Mage)            Turns: 2954, Time: 00:10:32

Health: 0/24       AC:  5    Str:  5    XL:     4   Next: 16%
Magic:  7/12       EV: 12    Int: 22    God:
Gold:   125        SH:  0    Dex: 15    Spells: 8/11 levels left

rFire   . . .      SeeInvis .   h - staff of air
rCold   . . .      Faith    .   (no shield)
rNeg    . . .      Spirit   .   a - +0 robe
rPois   .          Reflect  .   b - +2 helmet
rElec   +          Harm     .   (no cloak)
rCorr   .          Rampage  .   (no gloves)
Will    .....                   (no boots)
Stlth   ++........              (no amulet)
HPRegen 0.08/turn               (no ring)
MPRegen 0.13/turn               (no ring)

@: mighty, invisible
A: no striking features
a: no special abilities


You were on level 3 of the Dungeon.
You visited 1 branch of the dungeon, and saw 3 of its levels.

You collected 125 gold pieces.

Inventory:

Armour
 a - a +0 robe (worn)
 b - a +2 helmet (worn)
Magical Staves
 h - a staff of air (weapon)
Wands
 f - a wand of digging (1)
Potions
 c - a potion of degeneration
 j - a potion of might


   Skills:
 + Level 0.6 Fighting
 + Level 2.5 Dodging
 + Level 2.8 Stealth
 + Level 4.1 Spellcasting
 + Level 2.0 Transmutations
 * Level 0.8 Air Magic
 + Level 3.9 Poison Magic
 * Level 0.2 Evocations


You had 8 spell levels left.
You knew the following spells:

 Your Spells              Type           Power      Damage    Failure   Level
a - Sting                 Tmut/Pois      68%        1d6       3%          1
b - Poisonous Vapours     Pois/Air       44%        N/A       6%          2

Your spell library contained the following spells:

 Spells                   Type           Power      Damage    Failure   Level
 Mephitic Cloud           Conj/Pois/Air  17%        N/A       17%         3
 Olgreb's Toxic Radiance  Pois           21%        N/A       22%         4


Dungeon Overview and Level Annotations

Branches:
Dungeon (3/15)

Altars:
Gozag
Okawaru

Shops:
D:1 [

Annotations:
D:3 Robin


Message History

The hobgoblin shouts! x2
Robin says, "My goblins will feast on your bones."
The goblin shoots a stone.
The stone hits you. The stone freezes you.
You feel a bit more experienced.
Robin points. "Kill!"
Robin throws the goblin at you! The goblin barely misses you.
You hit the goblin but do no damage. The goblin closely misses you.
The goblin shoots a stone.
The stone hits you. The stone freezes you.
As you read the scroll labelled JAIC NOETWUTA, it crumbles to dust.
It is a scroll of identify.
c - a potion of degeneration Robin roars a battlecry!
The goblins go into a battle-frenzy!
The goblin hits you with a +0 dagger. The hobgoblin misses you.
As you read the scroll labelled ESIMPUG GUADWY, it crumbles to dust.
It is a scroll of amnesia.
Really abort (and waste the scroll)?
Okay, then.
The goblin hits you with a +0 dagger.
The hobgoblin hits you but does no damage.
As you read the scroll labelled VOEN DANLOPPY, it crumbles to dust.
It is a scroll of enchant weapon.
You aren't carrying any weapons that can be enchanted.
The goblin hits you but does no damage. The hobgoblin closely misses you.
It was a potion of invisibility.
You fade into invisibility!
You kill the goblin!
The goblin barely misses you. The hobgoblin closely misses you.
Casting: Poisonous Vapours (safe; 6% risk of failure)
Confirm with . or Enter, or press ? or * to list all spells.
Aiming: Poisonous Vapours (safe; 6% risk of failure)
Press: ? - help, Dir - move target, f - goblin
Aim: a goblin, wielding a +0 dagger (strong)
You feel a surge of power!
Poisonous vapours surround the goblin!
The goblin is poisoned.
The goblin barely misses you. The hobgoblin hits you.
* * * LOW HITPOINT WARNING * * *
It was a potion of might.
You feel very mighty all of a sudden. The goblin misses you.
The hobgoblin hits you.
You die...

#####.####.#.#.......####.######.
# #.# #.#.#.......'.........#. #
#.# #.#.#.......####.####.## #
#.# #...#....)..# #.# #.# ## #.#
#####.......# #.# #.# .####.####
#.......# #.# #.# .........#
#....###### #.# #.# ..###..#.#
#.#.##########.# #.##
..###....###.#.#@g........# #...
...##....g...#+#g########## ####
...##..###).....gg .......#
........ ....#....+..........
..#.#.####..........# .......
..........# #.#....# ..........#
#.#....#


You could see Robin, a hobgoblin (strong) and 2 goblins.

Vanquished Creatures
  An adder (D:2)
  2 dart slugs
  7 endoplasms
  3 giant cockroaches
  11 hobgoblins
  2 quokkas (D:2)
  4 ball pythons
  3 bats (D:1)
  2 frilled lizards
  11 goblins
  7 kobolds
  5 rats
58 creatures vanquished.

Notes
Turn   | Place    | Note
-------+----------+-------------------------------------------
     0 | D:1      | hawla the Deep Elf Venom Mage began the quest for the Orb.
     0 | D:1      | Reached XP level 1. HP: 10/10 MP: 6/6
   255 | D:1      | Found Wimuor Ucli's Armour Shop.
   372 | D:1      | Reached XP level 2. HP: 15/15 MP: 5/8
   662 | D:1      | Learned a level 2 spell: Poisonous Vapours
   879 | D:1      | Found a faded altar of an unknown god.
  1328 | D:2      | Reached XP level 3. HP: 19/19 MP: 1/10
  1708 | D:2      | Reached skill level 4 in Spellcasting
  1835 | D:2      | Found an iron altar of Okawaru.
  2318 | D:3      | Found an opulent altar of Gozag.
  2482 | D:3      | Reached XP level 4. HP: 19/24 MP: 7/12
  2946 | D:3      | Noticed Robin
  2954 | D:3      | Slain by a hobgoblin

Illustrated notes

Levels and vault maps discovered:
D:1:      minmay_arrival_four_circles, layout_basic,
          ebering_ecumenical_altar_petrified, serial_shops, shop
D:2:      layout_rooms, basic_altar, serial_glass, glass_columns_b,
          glass_columns_a
D:3:      layout_basic, pdpol_temple_overflow_zin_treasury_gozag_greed,
          uniq_robin, uniq_grinder

Skill      XL: |  1  2  3 |
---------------+----------+-----
Transmutations | 2 |  2.0
Spellcasting   | 4 |  4.1
Fighting       | |  0.6
Dodging        | |  2.5
Stealth        | |  2.8
Air Magic      | |  0.8
Poison Magic   | |  3.9
Evocations     | |  0.2

Action                   |  1- 3 |  4- 6 || total
-------------------------+-------+-------++-------
Melee: Unarmed           |    18 |       ||    18
       Staff             |     1 |     2 ||     3
       Punch             |     1 |       ||     1
 Cast: Sting             |    60 |     2 ||    62
       Poisonous Vapours |    38 |     9 ||    47
  Use: Scroll            |       |     3 ||     3
       Potion            |       |     2 ||     2
Armor: Robe              |    20 |     6 ||    26
Dodge: Dodged            |    41 |    10 ||    51
